 Dungeon Crawl Stone Soup version 0.27.1-1-g398f81649c (webtiles) character file.

Game seed: 7265093445819218200

539 jlumianski the Shield-Bearer (level 7, -1/57 (64) HPs)
             Began as a Deep Dwarf Fighter on Sept 13, 2021.
             Was an Initiate of Makhleb.
             Slain by a wight (5 damage)
             ... on level 4 of the Dungeon.
             The game lasted 00:13:19 (2770 turns).

jlumianski the Shield-Bearer (Deep Dwarf Fighter)   Turns: 2770, Time: 00:13:23

HP:   -1/57 (64)    AC:  8    Str: 21    XL:     7   Next: 5%
MP:   7/7           EV:  8    Int: 15    God:    Makhleb [......]
Gold: 177           SH: 10    Dex: 12    Spells: 6/6 levels left

rFire    . . .     SeeInvis +   a - +0 war axe
rCold    . . .     Faith    .   c - +0 kite shield
rNeg     . . .     Spirit   .   b - +0 scale mail
rPois    .         Reflect  .   (no helmet)
rElec    .         Harm     .   (no cloak)
rCorr    .         Rampage  .   (no gloves)
Will     .....                  n - +0 pair of boots
Stlth    ..........             (no amulet)
HPRegen  0.00/turn              h - +6 ring of intelligence
MPRegen  0.10/turn              e - ring of see invisible

@: weak-willed, heavily drained
A: damage resistance, heal wounds, sense surroundings 1, no regeneration
a: Heal Wounds, Renounce Religion


You were on level 4 of the Dungeon.
You worshipped Makhleb.
Makhleb was noncommittal.
You visited 2 branches of the dungeon, and saw 5 of its levels.

You collected 177 gold pieces.

Inventory:

Hand Weapons
 a - a +0 war axe (weapon)
Missiles
 f - 35 poisoned darts (quivered)
 g - 56 sling bullets
 i - 34 stones
 p - 6 datura-tipped darts
Armour
 b - a +0 scale mail (worn)
 c - a +0 kite shield (worn)
 n - a +0 pair of boots (worn)
Jewellery
 e - a ring of see invisible (right hand)
 h - a +6 ring of intelligence (left hand)
Scrolls
 l - a scroll of magic mapping
 o - a scroll of torment {unknown}
Potions
 d - a potion of lignification
 j - a potion of mutation
 q - a potion of ambrosia


   Skills:
 + Level 4.0 Fighting
 + Level 4.5 Axes
 + Level 1.5 Throwing
 + Level 4.5 Armour
 + Level 2.9 Dodging
 + Level 1.0 Stealth
 + Level 4.6 Shields


You had 6 spell levels left.
You didn't know any spells.
Your spell library was empty.

Dungeon Overview and Level Annotations

Branches:
Dungeon (4/15)             Temple (1/1) D:4

Altars:
Ashenzari
Fedhas
Gozag
Kikubaaqudgha
Makhleb
Nemelex Xobeh
Okawaru
Qazlal
Ru
Trog
The Shining One


Innate Abilities, Weirdness & Mutations

You are resistant to damage.
You can heal yourself by infusing magical energy.
You passively map a small area around you.
You do not regenerate.


Message History

Makhleb accepts your kill. The hound bites you.
You closely miss the hound. The hound bites you but does no damage.
You block the hound's attack.
You hit the hound.
The hound is lightly wounded.
The hound bites you but does no damage. x2
You closely miss the hound.
The hound is lightly wounded.
The hound bites you but does no damage. x2
You closely miss the hound.
The hound is lightly wounded.
The hound bites you but does no damage. You block the hound's attack.
You hit the hound.
The hound is lightly wounded.
The hound bites you but does no damage. x3
You slash the hound!
The hound is severely wounded.
You block the hound's attack. The hound closely misses you.
You closely miss the hound.
The hound is severely wounded.
The hound bites you but does no damage. The hound barely misses you.
You slash the hound!
You kill the hound!
Makhleb accepts your kill.
Your Fighting skill increases to level 4!
You have reached level 7!
You barely miss the wight. The wight hits you with a +4 falchion!
* * * LOW HITPOINT WARNING * * *
The wight hits you but does no damage.
You hit the wight but do no damage. The wight hits you with a +4 falchion.
* * * LOW HITPOINT WARNING * * *
You hit the wight.
The wight is lightly damaged.
The wight hits you with a +4 falchion!
* * * LOW HITPOINT WARNING * * *
You feel drained.
* * * LOW HITPOINT WARNING * * *
The wight hits you with a +4 falchion!
You die...

*,*,,,,,,,,,,,..#
*,*,**********#.#
*,*,,,,,,,*<,,#.#
*,*******,***,*,*
*,* *,,,,,*,* *,*
*******,* #,*
*,,,*
#.###########,***
#....@z......,*
#.###########**
#**


You could see a wight.

Vanquished Creatures
  Sigmund (D:2)
  A scorpion (D:3)
  2 wights (D:4)
  3 hounds
  4 gnolls (D:4)
  7 adders
  An adder skeleton (D:4)
  2 worms
  A dart slug (D:3)
  4 orcs (D:4)
  8 endoplasms
  3 giant cockroaches
  2 goblins
  3 hobgoblins
  4 kobolds
  2 quokkas (D:1)
  3 ball pythons
  5 bats
  3 frilled lizards
  7 rats
66 creatures vanquished.

Notes
Turn   | Place    | Note
-------+----------+-------------------------------------------
     0 | D:1      | jlumianski the Deep Dwarf Fighter began the quest for the
                  | Orb.
     0 | D:1      | Reached XP level 1. HP: 20/20 MP: 1/1
   210 | D:2      | Reached XP level 2. HP: 17/27 MP: 2/2
   527 | D:1      | Reached XP level 3. HP: 12/34 MP: 3/3
  1112 | D:3      | Noticed a scorpion
  1118 | D:3      | Killed a scorpion
  1119 | D:3      | Reached skill level 1 in Dodging
  1119 | D:3      | Reached XP level 4. HP: 35/42 MP: 4/4
  1237 | D:2      | Reached XP level 5. HP: 32/49 MP: 5/5
  1514 | D:2      | Found a faded altar of an unknown god.
  1662 | D:2      | Noticed Sigmund
  1680 | D:2      | Killed Sigmund
  1681 | D:2      | Reached skill level 1 in Throwing
  1681 | D:2      | Reached XP level 6. HP: 28/56 MP: 6/6
  2096 | D:4      | Found a broken altar of Ashenzari.
  2279 | D:4      | Found a staircase to the Ecumenical Temple.
  2289 | Temple   | Entered the Ecumenical Temple
  2419 | Temple   | Became a worshipper of Makhleb the Destroyer
  2522 | D:4      | Reached skill level 1 in Stealth
  2768 | D:4      | Reached XP level 7. HP: 21/59 MP: 7/7
  2770 | D:4      | Slain by a wight

Illustrated notes

Levels and vault maps discovered:
D:1:      evilmike_arrival_fibonacci_small, layout_basic
D:2:      layout_rooms, dreamdust_ecumenical_altar_angels_and_demons,
          st_stairs_9, minmay_misc_feat_hallway, uniq_sigmund
D:3:      layout_rooms, lemuel_old_faithful
D:4:      cheibrodos_old_hovel, layout_basic, ashenzari_altar_1,
          minmay_temple_entry_tees
Temple:   roderic_octagonal_lattice_temple

Skill      XL: |  1  2  3  4  5  6 |
---------------+-------------------+-----
Fighting       | 3 4 |  4.0
Axes           | 3 4 |  4.5
Dodging        | 1 2 |  2.9
Armour         | 4 |  4.5
Throwing       | 1 |  1.5
Shields        | 4 |  4.6
Stealth        | 1 |  1.0

Action                   |  1- 3 |  4- 6 |  7- 9 || total
-------------------------+-------+-------+-------++-------
Melee: War axe           |    54 |   153 |     3 ||   210
Throw: Dart              |     1 |    32 |       ||    33
 Abil: Heal Wounds       |     1 |     1 |       ||     2
  Use: Potion            |       |     3 |       ||     3
       Scroll            |       |     5 |       ||     5
Armor: Scale mail        |    42 |    75 |     1 ||   118
Dodge: Dodged            |    18 |    59 |       ||    77
Block: Kite shield       |    35 |    93 |       ||   128
